 Dungeon Crawl Stone Soup version 0.19.4-8-ga85b6b9 (webtiles) character file.

217 jeesustelija the Shooter (level 5, -5/46 HPs)
             Began as a Minotaur Hunter on Feb 9, 2017.
             Slain by an ogre
             ... wielding a +0 giant club
              (18 damage)
             ... on level 4 of the Dungeon.
             The game lasted 00:42:28 (3059 turns).

jeesustelija the Shooter (Minotaur Hunter)          Turns: 3059, Time: 00:42:29

Health: -5/46      AC:  9    Str: 17    XL:     5   Next: 61%
Magic:  4/4        EV:  7    Int:  8    God:
Gold:   160        SH:  4    Dex:  9    Spells: 0 memorised, 4 levels left

rFire  . . .     SeeInvis .     p - +0 war axe
rCold  . . .     Gourm    .     o - +0 chain mail
rNeg   . . .     Faith    .     n - +0 buckler
rPois  .         Spirit   .     (helmet restricted)
rElec  .         Reflect  +     (no cloak)
rCorr  .         Harm     .     j - +0 pair of gloves
MR     +....     Rnd*Tele +     (no boots)
Stlth  ..........               m - +2 amulet of reflection
                                (no ring)
                                h - ring of teleportation (curse)

@: no status effects
A: retaliatory headbutt, horns 2, clumsy 1, deterioration 1, magic resistance 1
a: no special abilities


You were on level 4 of the Dungeon.
You were hungry.

You visited 1 branch of the dungeon, and saw 4 of its levels.

You collected 160 gold pieces.

Inventory:

Hand Weapons
 a - a +2 shortbow
 p - a +0 war axe (weapon)
Missiles
 d - 16 arrows
 l - 8 javelins (quivered)
 s - 45 bolts {i}
Armour
 j - a +0 pair of gloves (worn)
 n - a +0 buckler (worn)
 o - a +0 chain mail (worn)
Jewellery
 e - an uncursed amulet of guardian spirit
 h - a cursed ring of teleportation (left hand)
 m - a +2 amulet of reflection (around neck)
 r - an uncursed amulet of magic regeneration
Wands
 c - a wand of teleportation (7/9)
Scrolls
 k - a scroll of identify
 q - a scroll of fog
Potions
 f - a potion of magic
 t - a potion of brilliance
Comestibles
 b - a bread ration
 g - a slice of pizza
 i - 3 fruits


   Skills:
 + Level 3.9 Fighting
   Level 0.4 Short Blades
 + Level 3.5 Axes
 + Level 5.3 Bows
 + Level 2.2 Armour
 + Level 2.5 Dodging
 + Level 1.0 Stealth


You had 4 spell levels left.
You didn't know any spells.

Dungeon Overview and Level Annotations

Branches:
Dungeon (4/15)
 Temple: D:4-7

Altars:


Innate Abilities, Weirdness & Mutations

You reflexively headbutt those who attack you in melee.
You have a pair of horns on your head.
You are clumsy. (Dex -2)
Your body sometimes deteriorates upon taking damage.
You are resistant to hostile enchantments. (MR+)


Message History

You are feeling hungry.
Found 14 gold pieces.
You now have 160 gold pieces (gained 14).
You open the door.
An ogre comes into view. It is wielding a giant club.
The ogre shouts!
Found a stone staircase leading down.
There is an open door here.
You completely miss the ogre. The ogre hits you with a giant club!
You barely miss the ogre. You headbutt the ogre!
The ogre is moderately wounded.
The ogre barely misses you.
You barely miss the ogre.
The ogre is moderately wounded.
The ogre hits you with a giant club!!
* * * LOW HITPOINT WARNING * * *
You slash the ogre!
The ogre is severely wounded.
The ogre hits you with a giant club!!
You die...

..........# .....######
#...# .....# #...# .....#
#...# .... .....#
#...#....... .....#
#...#....... .....#
#..>#....... .....#
#..O#.......
.....###########@#.......
##'#.....................
...#.....................
...#.....................
...#.....................
...#.....................
...######................
........##########.......
.........# .......


You could see an ogre.

Vanquished Creatures
  Jessica (D:3)
  3 gnolls (D:2)
  7 adders
  2 oozes (D:1)
  A worm (D:2)
  5 dart slugs
  A leopard gecko (D:2)
  An orc (D:3)
  3 ball pythons
  9 bats
  2 giant cockroaches
  8 hobgoblins
  A jackal (D:2)
  15 kobolds
  A quokka (D:3)
  4 frilled lizards
  6 goblins
  10 rats
80 creatures vanquished.

Notes
Turn   | Place    | Note
-------+----------+-------------------------------------------
     0 | D:1      | jeesustelija the Minotaur Hunter began the quest for the Orb.
     0 | D:1      | Reached XP level 1. HP: 18/18 MP: 0/0
    76 | D:1      | Reached XP level 2. HP: 5/25 MP: 1/1
   397 | D:1      | Reached skill level 5 in Bows
   450 | D:1      | Reached skill level 1 in Stealth
   531 | D:1      | Reached XP level 3. HP: 27/30 MP: 2/2
  2038 | D:2      | Reached skill level 1 in Armour
  2095 | D:2      | Reached XP level 4. HP: 28/38 MP: 3/3
  2253 | D:2      | Reached skill level 1 in Axes
  2439 | D:3      | Reached XP level 5. HP: 42/45 MP: 4/4
  2580 | D:3      | Gained mutation: You are resistant to hostile enchantments. (MR+) [potion of mutation]
  2580 | D:3      | Gained mutation: You are clumsy. (Dex -2) [potion of mutation]
  2580 | D:3      | Gained mutation: Your body sometimes deteriorates upon taking damage. [potion of mutation]
  2588 | D:3      | Noticed Jessica
  2597 | D:3      | Killed Jessica
  3054 | D:4      | Noticed an ogre
  3059 | D:4      | Slain by an ogre

Skill      XL: |  1  2  3  4  5 |
---------------+----------------+-----
Bows           | 5 |  5.3
Stealth        | 1 |  1.0
Fighting       | 3 |  3.9
Armour         | 1 2 |  2.2
Axes           | 2 3 |  3.5
Short Blades   | |  0.4
Dodging        | |  2.5

Action                   |  1- 3 |  4- 6 || total
-------------------------+-------+-------++-------
Melee: Shortbow          |    15 |       ||    15
       Headbutt          |    13 |    16 ||    29
       Short sword       |    36 |       ||    36
       War axe           |    27 |    95 ||   122
 Fire: Shortbow          |    11 |       ||    11
  Use: Potion            |     5 |     6 ||    11
       Scroll            |     3 |     5 ||     8
 Stab: Sleeping          |     1 |       ||     1
  Eat: Bread ration      |     1 |       ||     1
       Royal jelly       |       |     1 ||     1
Armor: Leather armour    |     9 |       ||     9
       Chain mail        |    38 |    62 ||   100
Dodge: Dodged            |    47 |    49 ||    96
Block: Buckler           |       |     1 ||     1
       Reflection        |       |     1 ||     1
